Cogmind - Beta 11 X2 @@@ ROGUE MODE // 2021.02.14 @ 22:57:51 Player: Luigi Panache Result: Destroyed by G-34 Mercenary with Small Laser Performance ------------- Evolutions (0) 0 Regions Visited (1) 200 Robots Destroyed (6) 30 Value Destroyed (145) 145 Prototype IDs (0) 0 Alien Tech Used (0) 0 Bonus (0) 0 TOTAL SCORE: 375 Bonus ------- None Cogmind --------- Core Integrity 0/250 Matter 288/300 Energy 99/100 System Corruption 0% Temperature Cool (6) Movement Rolling (190) Ox6 Location -10/Materials Parts ------- > --- POWER (1) -------- (None) > --- PROPULSION (2) --- Compact Wheel > --- UTILITY (2) ------ Large Storage Unit Huge Storage Unit > --- WEAPON (2) ------- (None) > --- INVENTORY (25) --- Light Ion Engine Light Ion Engine Light Treads Light Treads Compact Wheel Small Storage Unit Peak State ------------ > --- POWER ------------ Light Ion Engine > --- PROPULSION ------- Aluminum Leg Aluminum Leg > --- UTILITY ---------- Small Storage Unit Large Storage Unit > --- WEAPON ----------- Assault Rifle Light Assault Rifle > --- INVENTORY -------- Light Ion Engine Light Treads Light Treads Compact Wheel Compact Wheel Light Assault Rifle [Rating: 7] Favorites ----------- Power Ion Engine Engine Ion Engine Propulsion Aluminum Leg Leg Aluminum Leg Wheel Compact Wheel Utility Large Storage Unit Device Tractor Beam Storage Large Storage Unit Weapon Light Assault Rifle Ballistic Gun Light Assault Rifle Build | -11 -10 ------- Run | Scr Mat Slots Evolved . | . . Power . | . . Propulsion . | . . Utility . | . . Weapon . | . . Parts Attached 6 | . 6 Power 1 | . 1 Engine 1 | . 1 Core . | . . Reactor . | . . Propulsion 1 | . 1 Treads . | . . Leg . | . . Wheel 1 | . 1 Hover . | . . Flight . | . . Utility 3 | . 3 Device 1 | . 1 Storage 2 | . 2 Processor . | . . Hackware . | . . Protection . | . . Artifact . | . . Weapon 1 | . 1 Energy Gun . | . . Energy Cannon . | . . Ballistic Gun 1 | . 1 Ballistic Cannon . | . . Launcher . | . . Special Weapon . | . . Impact Weapon . | . . Slashing Weapon . | . . Piercing Weapon . | . . Special Melee Weapon . | . . Unidentified Prototypes . | . . Parts Lost 7 | . 7 Power 1 | . 1 Propulsion 2 | . 2 Utility 1 | . 1 Weapon 3 | . 3 Highest Loss Streak 5 | . 5 Average Slot Usage (%) 77 | . 77 Engine 9 | . 9 Leg 22 | . 22 Wheel 2 | . 2 Device 2 | . 2 Storage 23 | . 23 Ballistic Gun 16 | . 16 Naked Turns . | . . Heaviest Build 100 | 11 100 Greatest Support 20 | 20 20 Greatest Overweight (x) 6 | . 6 Average Overweight (x) 2 | . 2 Largest Inventory Capacity 25 | . 25 Average Capacity 16 | . 16 Most Carried 7 | . 7 Average Carried 6 | . 6 Final Capacity 25 | 8 25 Final Carried 6 | 6 6 Class Distribution -------------------- 100% | Mutant Dominant Class ---------------- Mutant | -10/Materials Resources | -11 -10 ----------- Run | Scr Mat Matter Collected 338 | 200 138 Remotely 10 | . 10 Salvage Created 179 | . 179 Parts 9 | . 9 Haulers Intercepted . | . . Recyclers Shooed . | . . Parts Field Recycled . | . . Retrieved Matter . | . . Parts Self-Destructed . | . . Prevented . | . . Kills | -11 -10 ------- Run | Scr Mat Combat Hostiles Destroyed 6 | . 6 Guns 6 | . 6 Classes Destroyed 2 | . 2 Swarmer 3 | . 3 Grunt 3 | . 3 Best Kill Streak 3 | . 3 Combat Bots Only 3 | . 3 Max Kills in Single Turn 1 | . 1 Gunslinging . | . . Exploded . | . . Melee . | . . Uniques/NPCs Destroyed . | . . Combat | -11 -10 -------- Run | Scr Mat Damage Taken 936 | . 936 Core 254 | . 254 Absorbed by Shields . | . . Core Remaining (%) 100 | 100 . Volleys Fired 58 | . 58 Largest 2 | . 2 Hottest 40 | . 40 Shots Fired 82 | . 82 Gun 82 | . 82 Cannon . | . . Launcher . | . . Special . | . . Kinetic 82 | . 82 Thermal . | . . Explosive . | . . Electromagnetic . | . . Robot Hit Streak 13 | . 13 Robot Miss Streak 2 | . 2 Penetration Max . | . . Secondary Targets 1 | . 1 Max Gunslinging Chain 1 | . 1 Shots Hit Robots 54 | . 54 Core Hits 13 | . 13 Critical Hits . | . . Critical Kills . | . . Critical Parts Destroyed . | . . Melee Attacks . | . . Impact . | . . Slashing . | . . Piercing . | . . Sneak Attacks . | . . Combat Hostiles . | . . Follow-up Attacks . | . . Damage Inflicted 490 | . 490 Guns 472 | . 472 Cannons . | . . Explosions . | . . Melee . | . . Ramming 18 | . 18 Kinetic 472 | . 472 Thermal . | . . Explosive . | . . Electromagnetic . | . . Impact . | . . Slashing . | . . Piercing . | . . Highest Corruption . | . . Average Corruption . | . . Corruption Purged . | . . Overload Shots . | . . Overflow Damage . | . . Projectiles . | . . Explosions . | . . Melee . | . . Knockbacks . | . . Impact . | . . Kinetic . | . . Secondary . | . . Self-Inflicted Damage 8 | . 8 Shots . | . . Rammed 3 | . 3 Targets Rammed 3 | . 3 Kicked . | . . Crushed . | . . Highest Temperature 18 | . 18 Average Temperature 6 | . 6 Received Heat Transfer 417 | . 417 Siege Activations . | . . Robots Corrupted . | . . Combat Hostiles . | . . Parts Fried . | . . Impact Corruptions . | . . Robots Melted . | . . Combat Hostiles . | . . Parts Melted . | . . Heat Transferred . | . . Parts Sabotaged . | . . Parts Stolen . | . . Parts Stripped . | . . Power Chain Reactions . | . . Missiles Intercepted . | . . Alert | -11 -10 ------- Run | Scr Mat Peak Influence 132 | . 132 Initial . | . . Average 77 | . 77 Maximum Alert Level . | . . Low Security (%) 100 | . 100 Level 1 . | . . Level 2 . | . . Level 3 . | . . Level 4 . | . . Level 5 . | . . High Security . | . . Max Security . | . . Squads Dispatched 1 | . 1 Investigation 1 | . 1 Extermination . | . . Reinforcement . | . . Assault . | . . Garrison . | . . Intercept . | . . Construction Impeded . | . . Haulers Reinforced . | . . Stealth | -11 -10 --------- Run | Scr Mat Distress Signals . | . . Communications Jammed . | . . Distress Signals . | . . Times Spotted 9 | . 9 Peak Tracking Total 4 | . 4 Tactical Retreats 1 | . 1 Traps | -11 -10 ------- Run | Scr Mat Traps Triggered . | . . Indirectly . | . . Trap Hack Attempts . | . . Triggered . | . . Disarmed . | . . Reprogrammed . | . . Reused . | . . Traps Extracted . | . . Installed . | . . Triggered . | . . Machines | -11 -10 ---------- Run | Scr Mat Machines Disabled . | . . Max in Single Turn . | . . Machines Sabotaged . | . . Garrisons Compromised . | . . Overloaded Fab Kills . | . . Fab Network Shutdowns . | . . Hacking | -11 -10 --------- Run | Scr Mat Machines Accessed 1 | . 1 Terminals 1 | . 1 Fabricators . | . . Repair Stations . | . . Recycling Units . | . . Scanalyzers . | . . Garrison Access . | . . Total Hacks 4 | . 4 Successful 2 | . 2 Failed 2 | . 2 Catastrophic 2 | . 2 Database Lockouts . | . . Manual 3 | . 3 Terminals 4 | . 4 Fabricators . | . . Repair Stations . | . . Recycling Units . | . . Scanalyzers . | . . Garrison Access . | . . Terminal Hacks 2 | . 2 Part Schematic 1 | . 1 Zone Layout 1 | . 1 Fabricator Hacks . | . . Repair Station Hacks . | . . Recycling Unit Hacks . | . . Scanalyzer . | . . Garrison Access Hacks . | . . Unauthorized Hacks . | . . Terminals . | . . Fabricators . | . . Repair Stations . | . . Recycling Units . | . . Scanalyzers . | . . Garrison Access . | . . Data Cores Recovered . | . . Used . | . . Hacking Detections 1 | . 1 Full Trace Events 1 | . 1 Feedback Events . | . . Feedback Blocked . | . . Robot Schematics Acquired . | . . Robots Built . | . . Matter . | . . Time . | . . Total Robot Build Rating . | . . Part Schematics Acquired 1 | . 1 Parts Built . | . . Matter . | . . Time . | . . Total Part Build Rating . | . . Parts Repaired . | . . Time . | . . Parts Recycled . | . . Recycled Matter . | . . Retrieved Matter . | . . Retrieved Components . | . . Parts Scanalyzed . | . . Part Schematics Acquired . | . . Parts Damaged . | . . Bothacking | -11 -10 ------------ Run | Scr Mat Used RIF Installer . | . . Robots Hacked . | . . Non-combat . | . . Combat . | . . Robot Hacks Applied . | . . Relay Couplers Released . | . . Robots Rewired . | . . Allies Hacked . | . . Hacks Repelled . | . . Allies | -11 -10 -------- Run | Scr Mat Total Allies . | . . Largest Group . | . . Highest-Rated Group . | . . Highest-Rated Ally . | . . Total Orders . | . . Ally Attacks . | . . Total Damage . | . . Kills . | . . Allies Corrupted . | . . Allies Melted . | . . Intel | -11 -10 ------- Run | Scr Mat Robot Analysis Total . | . . Derelict Logs Recovered . | . . Drone Launches . | . . Drone Recoveries . | . . Exploration | -11 -10 ------------- Run | Scr Mat Turns Passed 301 | . 301 Spaces Moved 85 | 1 84 Core . | . . Treads . | . . Legs 54 | 1 53 Wheels 31 | . 31 Hover . | . . Flight . | . . Fastest Speed 115 | 120 115 Average Speed 181 | 120 181 Slowest Speed 200 | 120 200 Overloaded Moves . | . . Propulsion Burnouts . | . . Robots Hopped . | . . Cave-ins Triggered . | . . Exploration Rate (%) 10 | 2 18 Regions Visited 1 Branch Regions . Pre-discovered Areas . | . . Known Exits Taken . | . . Unknown Exits Taken 1 | 1 . Scrap Searched . | . . Spaces Dug . | . . Terrain Destroyed . | . . Melee . | . . Projectile . | . . AOE . | . . Terrain Rammed . | . . Walls Destroyed . | . . Machines Disabled . | . . Actions | -11 -10 --------- Run | Scr Mat Total 159 | . 159 Wait 7 | . 7 Move 84 | . 84 Hop . | . . Pick Up . | . . Fast Attach 3 | . 3 Attach 2 | . 2 Detach 1 | . 1 Swap 1 | . 1 Drop . | . . Fire 58 | . 58 Melee . | . . Ram 3 | . 3 Kick . | . . Crush . | . . Escape Stasis . | . . Rewire . | . . Trap . | . . Miscellaneous . | . . Route ------- -11/Scrapyard -10/Materials (discovered 1 exit: [Mat]) History --------- Turn | Location | Event 1 | -11/Scrapyard | Discovered new exit (range 0) 1 | -11/Scrapyard | Entered Materials 157 | -10/Materials | Discovered new exit (range 18) 232 | -10/Materials | Core integrity fell below 50% 274 | -10/Materials | Core integrity fell below 20% 299 | -10/Materials | Lost 5 parts (1p2n1u1w) 302 | -10/Materials | Destroyed by G-34 Mercenary with Small Laser Last Messages --------------- >>Schematic(Hcp. Storage Unit) Downloading schematic... Hcp. Storage Unit Rating: 1 Schematic downloaded. 00157_ ALERT: Suspicious activity at Terminal M004. Dispatching Investigation squad. 00160_ Acquired Tractor Beam. 00164_ Acquired 10 matter. 00178_ K-01 Serf collects debris. 00209_ Ion Engine destroyed. 00216_ Tractor Beam destroyed. 00222_ Aluminum Leg destroyed. 00222_ G-34 Mercenary destroyed. 00245_ Lgt. Assault Rifle destroyed. 00259_ Acquired Huge Storage Unit. 00264_ Slammed into G-34 Mercenary. 00268_ Aluminum Leg destroyed. 00268_ Slammed into G-34 Mercenary. 00272_ K-01 Serf collects debris. Map ----- +----------------------------------------------------+ | | | | | | | | | | | | | ??????????????????????????????????????????????? | | ??????????????????????????????????????????????? | | ??????????????????????????????????????????????? | | ??????????????????????????????????????????????? | | ??????????????????????????????????????????????? | | ??????????????????????????????????????????????? | | ????????####??????????????????????????????????? | | ??? # ##########?????????????????????????? | | ???"" # # #?????????????????????????? | | ???""" + # #?????????????????????????? | | ???""" # # #????????#####????????????? | | ???""" # # """ ########## #????????????? | | ???"" # # """"" ## ## < #????????????? | | ??? # # """"" ## ## #????????????? | | ??? # / """"" ##""" ## +????????????? | | ?######## # """ ##""" ## #????????????? | | ?# # # ##""" ## #????????????? | | ?# # #####+##### ## #????????????? | | ?# """ # ##### ########+### #???????????? | | ?# """ + g g @ #???????????? | | ?# """ # ########### #???????????? | | ?# # ###########u #???????????? | | ?######## # T ## #### #???????????? | | ????????# # ## #??#######???????????? | | ????????# # ## #########????????????? | | ????????# # ## ????????????? | | ????????# # ## ????????????? | | ????????# # """ ## ????????????? | | ????????# # """ ## !! ????????????? | | ????????# # """ ## !! ????????????? | | ????????#!%# =% ## ????????????? | | ????##### ####+###### ????????????? | | ????# = "T" ????????????? | | ????# a ????????????? | | ????# ????????????? | | ????## ########### ????????????? | | ?????#! !#?## # ????????????? | | ?????#! !#?#" """ # "" ????????????? | | ?????##! !!##?????????????????????????????????? | | ??????######??????????????????????????????????? | | ??????????????????????????????????????????????? | | ??????????????????????????????????????????????? | | ??????????????????????????????????????????????? | | ??????????????????????????????????????????????? | +----------------------------------------------------+ Best States ------------- Heat Dissipation 25 Energy Generation 10 Energy Capacity 250 Matter Stores 300 Matter Capacity 300 Sight Range 16 Terrain Scan Density 10 Evasion (%) 40 Item Schematics ----------------- Hcp. Storage Unit | -10/Materials | Hacked Robot Schematics ------------------ None Fabricated ------------ Nothing Alien Tech Used ----------------- None Achievements -------------- None Challenges ------------ None Game ------ Seed SingularityScatterRailgun Manual? 0 Play Time 00:04:10 Cumulative 275.0 hours Start 2021.02.14 @ 22:55:44 End 2021.02.14 @ 22:57:51 Sessions 1 Manual Loads 0 Difficulty Rogue Special Mode None Game No. 273 Rogue 127 Adventurer 68 Explorer 78 Win Type - Total 21 Types 15/0/4/2/0/0/0/0/0 Lore% 78 Gallery% 86 Achievement% 67 Wizard Run 0 Options --------- ASCII 0 Keyboard 0 Movement Numpad Keybinds 0 Fullscreen 2 Font 18/TerminusBold Map View 76x50 Tactical HUD 1 Map Filters NONE Filters NONE Steam 1 RUN: 4bb3c4b5-5d22-462f-880a-49a07b7fcc26